 Dungeon Crawl Stone Soup version 0.29.1-2-gbd0b4ee654 (webtiles) character file.

Game seed: 14961222682855564317

2909 Arcadio the Skirmisher (level 9, -2/84 HPs)
             Began as a Minotaur Hunter on Nov 3, 2022.
             Was a Believer of Elyvilon.
             Slain by an unseen horror (4 damage)
             ... on level 7 of the Dungeon.
             The game lasted 00:18:51 (9882 turns).

Arcadio the Skirmisher (Minotaur Hunter)            Turns: 9882, Time: 00:18:52

Health: -2/84      AC: 16    Str: 16    XL:     9   Next: 49%
Magic:  2/2        EV: 12    Int:  6    God:    Elyvilon [**....]
Gold:   512        SH:  0    Dex: 18    Spells: 8/8 levels left

rFire   . . .      SeeInvis .   b - +2 dagger (antimagic)
rCold   + . .      Faith    .   (no shield)
rNeg    . . .      Spirit   .   h - +3 chain mail {rC+}
rPois   +          Reflect  .   y - +2 hat
rElec   .          Harm     .   (no cloak)
rCorr   .          Rampage  .   (no gloves)
Will    .....                   (no boots)
Stlth   ..........              (no amulet)
HPRegen 0.24/turn               s - ring of poison resistance
MPRegen 0.08/turn               m - +4 ring of evasion

@: no status effects
A: horns 2, retaliatory headbutt
a: Renounce Religion, Purification, Heal Other


You were on level 7 of the Dungeon.
You worshipped Elyvilon.
Elyvilon was pleased with you.
You visited 2 branches of the dungeon, and saw 8 of its levels.

You collected 512 gold pieces.

Inventory:

Hand Weapons
 a - a +0 shortbow
 b - a +2 antimagic dagger (weapon)
 j - a +2 short sword of flaming
 D - a +3 short sword
Armour
 c - a +0 leather armour
 h - a +3 chain mail of cold resistance (worn)
 y - a +2 hat (worn)
Jewellery
 m - a +4 ring of evasion (right hand)
 r - a ring of magical power
 s - a ring of poison resistance (left hand)
 G - a ring of wizardry
Wands
 d - a wand of mindburst (19)
 E - a wand of flame (23)
 F - a wand of polymorph (1)
 L - a wand of iceblast (3)
Scrolls
 e - 3 scrolls of immolation
 i - 2 scrolls of magic mapping
 k - a scroll of silence {unknown}
 l - a scroll of summoning {unknown}
 n - a scroll of torment {unknown}
 q - a scroll of poison
 u - 2 scrolls of enchant armour
 w - a scroll of blinking {unknown}
 B - a scroll of fog
 C - a scroll of fear {unknown}
 H - a scroll of teleportation {unknown}
 I - a scroll of noise {unknown}
 K - a scroll of amnesia {unknown}
Potions
 f - a potion of ambrosia {unknown}
 g - 2 potions of mutation
 o - a potion of might
 p - a potion of cancellation {unknown}
 t - a potion of flight {unknown}
 v - 3 potions of curing
 x - 2 potions of invisibility {unknown}
 z - 3 potions of brilliance {unknown}
 A - 3 potions of berserk rage
 J - a potion of attraction {unknown}


   Skills:
 + Level 9.4 Fighting
 + Level 9.5 Ranged Weapons
 + Level 8.9 Armour
 - Level 2.4 Dodging
 - Level 1.1 Stealth


You had 8 spell levels left.
You didn't know any spells.
Your spell library contained the following spells:

 Spells                   Type           Power      Damage    Failure   Level
 Poisonous Vapours        Pois/Air       0%         N/A       100%        2
 Frozen Ramparts          Ice            0%         1d1       100%        3
 Airstrike                Air            0%         2d(0-16)  100%        4
 Corpse Rot               Necr/Pois/Air  0%         N/A       100%        4
 Ice Form                 Ice/Tmut       0%         N/A       100%        4
 Summon Ice Beast         Ice/Summ       0%         N/A       100%        4
 Summon Lightning Spire   Summ/Air       0%         N/A       100%        4
 Lightning Bolt           Conj/Air       0%         1d11      100%        5


Dungeon Overview and Level Annotations

Branches:
Dungeon (7/15) Zot: 25339  Temple (1/1) D:5 Zot: 5788

Altars:
Ashenzari
Cheibriados
Dithmenos
Elyvilon
Gozag
Kikubaaqudgha
Makhleb
Nemelex Xobeh
Okawaru
Qazlal
Ru
Sif Muna
Trog
Uskayaw
Vehumet
Wu Jian
Xom
Yredelemnul
Zin


Innate Abilities, Weirdness & Mutations

You have a pair of horns on your head.
You reflexively headbutt those who attack you in melee.


Message History

The water moccasin barely misses you. The white imp barely misses you.
You furiously retaliate!
You headbutt the white imp.
The phantom hits you but does no damage.
The air fills with toxic fumes!
As you read the scroll labelled UNYFAI HAWKEZ, it crumbles to dust.
It was a scroll of poison.
Something hits you.
* * * LOW HITPOINT WARNING * * *
The water moccasin closely misses you. You furiously retaliate!
You headbutt the water moccasin!
The white imp shouts, "Run away, thou peeagling bat-fowling dingleberry!"
The white imp barely misses you.
The phantom hits you but does no damage.
The water moccasin bites you.
* * * LOW HITPOINT WARNING * * *
You hit the phantom.
You destroy the phantom!
Something hits you but does no damage. The water moccasin closely misses you.
You furiously retaliate!
You headbutt the water moccasin.
The white imp hits you but does no damage.
As you read the scroll labelled XEESON QINA, it crumbles to dust.
The scroll dissolves into smoke.
It was a scroll of fog.
Something hits you!
* * * LOW HITPOINT WARNING * * *
The water moccasin misses you. You furiously retaliate!
You headbutt the water moccasin. The white imp closely misses you.
The water moccasin completely misses you.
You hit the water moccasin.
You headbutt the water moccasin, but do no damage.
The water moccasin is heavily wounded.
Something barely misses you. The white imp barely misses you.
The water moccasin bites you but does no damage.
You hit the white imp.
The white imp's magic leaks into the air.
The white imp is almost dead.
Something barely misses you. The water moccasin barely misses you.
You furiously retaliate!
You headbutt the water moccasin.
The white imp hits you but does no damage.
You hit the white imp.
You kill the white imp!
Something hits you.
You die...

............# #.########
.....######.# ######.#####
.....######.#######.§........####
........##.....§§##§###..###.#...
..##....########§##§###§####..>..
..#.....#### #§§§§§§§☼........#
...._......# #☼§§§§§§§........#
#.....#..§§#####§S§§§§§☼#######.#
#[...##..§§§§§§§@§§§§☼#.#### #.#
#........§#§§§§§§§☼§§§#....# #.#
####......######§§§§§☼#.##.####.#
#......# #§##§§§☼☼##.##..#.
#.#.#..#### #§##§#§#§##.##.#.#
#...##....####§..§####....####
###.#......##.§...§##......##.
#.....#.....§.#.§§....#.....
#...####....####....####....


You could see a water moccasin.

Vanquished Creatures
  A kobold demonologist (D:5)
  Sigmund (D:3)
  A wraith (D:7)
  Duvessa (D:6)
  2 orc warriors (D:7)
  An ice beast (D:7)
  A black bear (D:6)
  An ogre (D:4)
  A kobold brigand (D:7)
  4 phantoms
  3 bullfrogs
  5 scorpions
  3 necrophages
  Dowan (D:6)
  A killer bee (D:7)
  9 hounds
  A jelly (D:6)
  4 iguanas
  An orc wizard (D:7)
  8 adders
  A shadow imp (D:6)
  5 white imps
  2 ufetubi (D:5)
  3 worms
  A dart slug (D:3)
  17 orcs
  5 endoplasms
  2 giant cockroaches
  8 goblins
  12 hobgoblins
  6 jackals
  14 kobolds
  6 quokkas
  8 ball pythons
  3 bats
  4 frilled lizards
  A rat (D:1)
148 creatures vanquished.

Notes
Turn   | Place    | Note
-------+----------+-------------------------------------------
     0 | D:1      | Arcadio the Minotaur Hunter began the quest for the Orb.
     0 | D:1      | Reached XP level 1. HP: 18/18 MP: 0/0
   130 | D:1      | Reached skill level 1 in Stealth
   303 | D:1      | Reached XP level 2. HP: 25/25 MP: 1/1
   782 | D:1      | Reached skill level 1 in Armour
   974 | D:2      | Reached XP level 3. HP: 31/31 MP: 2/2
  1259 | D:2      | Found a faded altar of an unknown god.
  1609 | D:3      | Noticed Sigmund
  1798 | D:3      | Reached skill level 5 in Ranged Weapons
  1798 | D:3      | Reached XP level 4. HP: 39/39 MP: 3/3
  1805 | D:3      | Killed Sigmund
  1806 | D:3      | Reached XP level 5. HP: 37/47 MP: 4/4
  2803 | D:4      | Reached XP level 6. HP: 52/53 MP: 1/5
  3002 | D:4      | Found a stormy altar of Qazlal.
  3122 | D:4      | Reached skill level 5 in Fighting
  3806 | D:5      | Entered Level 5 of the Dungeon
  3954 | D:5      | Found a staircase to the Ecumenical Temple.
  3967 | Temple   | Entered the Ecumenical Temple
  4156 | Temple   | Became a worshipper of Elyvilon the Healer
  4303 | D:5      | Found an ancient bone altar of Kikubaaqudgha.
  4315 | D:5      | Found a shimmering blue altar of Sif Muna.
  4325 | D:5      | Found a basalt altar of Yredelemnul.
  4326 | D:5      | Found an iron altar of Okawaru.
  4332 | D:5      | Found a shimmering altar of Xom.
  4390 | D:5      | Reached XP level 7. HP: 60/61 MP: 6/6
  4604 | D:5      | Reached skill level 5 in Armour
  4991 | D:5      | Reached * piety under Elyvilon
  5110 | D:5      | Identified the +10 dagger of Judgement {drain, rElec Str+4}
  5527 | D:5      | Noticed a kobold demonologist
  5532 | D:5      | Noticed a soul eater
  5537 | D:5      | Noticed a chaos spawn
  5550 | D:5      | Noticed a hellwing
  5551 | D:5      | Killed a kobold demonologist
  5552 | D:5      | Reached XP level 8. HP: 62/71 MP: 2/7
  7066 | D:6      | Noticed Dowan
  7067 | D:6      | Noticed Duvessa
  7093 | D:6      | Killed Duvessa
  7096 | D:6      | Killed Dowan
  7353 | D:6      | Reached ** piety under Elyvilon
  8390 | D:7      | Reached XP level 9. HP: 80/82 MP: 2/8
  8493 | D:7      | Found a hide-covered altar of Uskayaw.
  9879 | D:7      | HP: 2/84 [something (8)]
  9882 | D:7      | Slain by an unseen horror

Illustrated notes

Levels and vault maps discovered:
D:1:      scummos_arrival_simple_fountains, layout_basic
D:2:      layout_rooms, shapermc_ecumenical_altar_acropolis,
          corexii_leaking_fountain
D:3:      layout_loops_ring, minmay_misc_feat_diagonals,
          nicolae_figureground_pulse, uniq_sigmund
D:4:      layout_basic, old_standard_altar
D:5:      cheibrodos_barr_body, layout_layer_cave,
          nicolae_overflow_hallway_of_the_gods, minmay_temple_entry_large_hall
D:6:      layout_basic, uniq_duvessa
D:7:      wad_guarded_room, layout_loops_ring, nicolae_overflow_crystal_walls
Temple:   minmay_temple_bridge_abc

Skill      XL: |  1  2  3  4  5  6  7  8  9 |
---------------+----------------------------+-----
Stealth        | 1 |  1.1
Fighting       | 3 4 5 6 8 9 |  9.4
Armour         | 1 2 3 4 6 7 8 |  8.9
Ranged Weapons | 5 6 7 8 9 |  9.5
Dodging        | |  2.4

Action                   |  1- 3 |  4- 6 |  7- 9 || total
-------------------------+-------+-------+-------++-------
Melee: Dagger            |    38 |    72 |   402 ||   512
       Headbutt          |    10 |    17 |   100 ||   127
       Punch             |     1 |       |     4 ||     5
 Fire: Shortbow          |    80 |    51 |    57 ||   188
  Use: Scroll            |     2 |     1 |     6 ||     9
       Potion            |       |       |     6 ||     6
Armor: Leather armour    |     5 |       |       ||     5
       Chain mail        |    46 |    30 |   245 ||   321
Dodge: Dodged            |    34 |    52 |   244 ||   330
